 Dungeon Crawl Stone Soup version 0.30.0 (webtiles) character file.

Game seed: 7556038775860317081

695 Dani the Shooter (level 7, -9/46 HPs)
             Began as a Formicid Ice Elementalist on May 17, 2023.
             Was an Initiate of Gozag.
             Mangled by an ogre
             ... wielding a +0 giant club
              (14 damage)
             ... on level 5 of the Dungeon.
             The game lasted 00:06:26 (3689 turns).

Dani the Shooter (Formicid Ice Elementalist)        Turns: 3689, Time: 00:06:26

Health: -9/46      AC:  3    Str: 12    XL:     7   Next: 96%
Magic:  10/10      EV:  9    Int: 15    God:    Gozag
Gold:   155        SH:  0    Dex: 16    Spells: 9/10 levels left

rFire   . . .        f - +2 broad axe of Superiority {venom, *Slow rPois rC- rN+++}
rCold   x . .        (no shield)
rNeg    + + +        r - +0 scale mail
rPois   +            (helmet unavailable)
rElec   .            (no cloak)
rCorr   .            (no gloves)
SInv    +            p - +0 pair of boots
Will    +....        (no amulet)
Stlth   +            s - ring of willpower
HPRegen 0.27/turn    (no ring)
MPRegen 0.12/turn

%: slow self (1%)
@: corroded, gold aura
A: permanent stasis, dig shafts and tunnels, antennae 3, four strong arms
a: Dig, Shaft Self, Renounce Religion, Potion Petition, Call Merchant, Bribe
Branch


You were on level 5 of the Dungeon.
You worshipped Gozag.
Gozag was aware of your devotion.
You visited 2 branches of the dungeon, and saw 6 of its levels.

You collected 198 gold pieces.
You paid 43 gold pieces to Gozag.

Inventory:

Hand Weapons
 e - a +0 short sword
   (You took it off a kobold on level 1 of the Dungeon)
 f - the +2 broad axe of Superiority (weapon) {venom, *Slow rPois rC- rN+++}
   (You acquired it on level 1 of the Dungeon)

   rC:        It makes you vulnerable to cold.
   rPois:     It protects you from poison.
   rN:        It renders you almost immune to negative energy.
   *Slow:     It may slow you when you take damage.
Missiles
 w - 6 poisoned darts
Armour
 a - a +0 robe
 c - a +0 leather armour
   (You found it on level 1 of the Dungeon)
 d - a +0 ring mail
   (You found it on level 1 of the Dungeon)
 p - a +0 pair of boots (worn)
   (You found it on level 3 of the Dungeon)
 r - a +0 scale mail (worn)
   (You found it on level 3 of the Dungeon)
Jewellery
 s - a ring of willpower (left hand)
   (You found it on level 3 of the Dungeon)
 y - an amulet of magic regeneration
   (You found it on level 4 of the Dungeon)
Wands
 g - a wand of quicksilver (10)
   (You took it off Jessica on level 2 of the Dungeon)
 u - a wand of polymorph (12)
   (You found it on level 4 of the Dungeon)
 P - a wand of paralysis (3)
   (You found it on level 2 of the Dungeon)
Scrolls
 h - 2 scrolls of blinking {unknown}
 i - 3 scrolls of teleportation {unknown}
 j - 2 scrolls of fog {unknown}
 k - a scroll of torment {unknown}
 l - a scroll of butterflies {unknown}
 m - a scroll of poison {unknown}
 v - 3 scrolls of vulnerability {unknown}
Potions
 b - 2 potions of magic
 n - a potion of brilliance {unknown}
 o - 4 potions of attraction {unknown}
 q - 2 potions of heal wounds {unknown}
 t - a potion of flight {unknown}
 H - a potion of haste
 Q - 5 potions of curing {@q1}


   Skills:
 + Level 5.2 Axes
 + Level 5.8 Ranged Weapons
 - Level 1.7 Dodging
 - Level 2.4 Stealth
 - Level 2.1 Spellcasting
 - Level 4.0 Ice Magic


You had 9 spell levels left.
You knew the following spells:

 Your Spells              Type           Power      Damage    Failure   Level
a - Freeze                Ice            52%        1d6       24%         1

Your spell library contained the following spells:

 Spells                   Type           Power      Damage    Failure   Level
 Frozen Ramparts          Ice            26%        1d4       56%         3
 Ozocubu's Armour         Ice            13%        N/A       56%         3
 Beastly Appendage        Tmut           2%         N/A       77%         1
 Sting                    Tmut/Pois      4%         1d3       77%         1
 Cigotuvi's Dreadful Rot  Necr/Pois/Air  2%         N/A       88%         2
 Poisonous Vapours        Pois/Air       2%         N/A       88%         2
 Wereblood                Tmut           1%         N/A       88%         2
 Spider Form              Tmut/Pois      1%         N/A       98%         3
 Summon Ice Beast         Ice/Summ       7%         N/A       99%         4
 Dispel Undead            Necr           1%         3d6       100%        4
 Olgreb's Toxic Radiance  Pois           1%         N/A       100%        4
 Death Channel            Necr           0%         N/A       100%        6


Dungeon Overview and Level Annotations

Branches:
Dungeon (5/15)             Temple (1/1) D:4

Altars:
Ashenzari
Cheibriados
Dithmenos
Fedhas
Gozag
Hepliaklqana
Kikubaaqudgha
Makhleb
Okawaru
Qazlal
Trog
Vehumet
Yredelemnul
The Shining One


Innate Abilities, Weirdness & Mutations

You cannot be hasted, slowed, berserked, paralysed or teleported.
You can dig through walls and to a lower floor.
You have a pair of large antennae on your head. (SInv)
Your four strong arms can wield two-handed weapons with a shield.


Message History

You slash the iguana!
The iguana is poisoned.
The iguana is no longer distracted by gold.
The iguana is heavily wounded.
The iguana barely misses you.
An iguana is nearby!
You hit the iguana.
The iguana looks as sick as possible!
The iguana is almost dead.
You kill the iguana!
HP restored.
You now have 122 gold pieces (gained 6).
Key pressed, stopping explore.
No target in view!
You now have 149 gold pieces (gained 27).
Key pressed, stopping explore.
No target in view!
k - a scroll labelled PUONIMOSIUNK A worm comes into view.
Found a book of Decay.
A worm is nearby!
A worm is nearby!
A worm is nearby!
The worm barely misses you.
A worm is nearby!
You hit the worm.
The worm is moderately wounded.
The worm bites you.
A worm is nearby!
You slash the worm!
The worm is poisoned.
The worm is severely wounded.
The worm bites you!
A worm is nearby!
You hit the worm. Your punch misses the worm.
The worm is almost dead.
You kill the worm!
Key pressed, stopping explore.
No target in view!
You now have 155 gold pieces (gained 6).
Key pressed, stopping explore.
No target in view!
You pick up a book of Decay and begin reading...
You add the spells Cigotuvi's Dreadful Rot, Dispel Undead and Death Channel to your library.
No target in view!
Key pressed, stopping explore.
Key pressed, stopping explore.
Things that are here:
2 stones; a +1 short sword of draining
Found a stone staircase leading down.
Key pressed, stopping explore.
There is a stone staircase leading down here.
Key pressed, stopping explore.
Key pressed, stopping explore.
Key pressed, stopping explore.
Key pressed, stopping explore.
Things that are here:
a stone; a +0 short sword; a +0 spear Key pressed, stopping explore.
Things that are here:
a +0 leather armour; a +0 short sword Done exploring.
You see here a +0 trident.
There is a stone staircase leading down here.
You climb downwards.
The orc shouts!
You hear a shout!
Found a buckler.
There is a stone staircase leading up here.
The orc barely misses you.
An ogre comes into view. It is wielding a +0 giant club.
You closely miss the orc. The orc misses you.
You barely miss the orc. The orc barely misses you.
You hit the jelly.
Your hands burn!
The jelly is moderately wounded.
You closely miss the orc. The jelly closely misses you.
The orc hits you with a +0 flail. The orc hits you but does no damage.
The jelly hits you. The acid corrodes you!
You are splashed with acid.
You slash the jelly!
Your hands burn!
The jelly is heavily wounded.
You hit the orc but do no damage.
The orc is poisoned.
The jelly barely misses you. The orc barely misses you.
You slash the jelly!
You kill the jelly!
You barely miss the orc. The orc hits you with a +0 flail.
* * * LOW HITPOINT WARNING * * *
You slash the ogre!
The ogre is poisoned.
The ogre is heavily wounded.
You hit the orc.
The orc looks as sick as possible!
The orc hits you with a +0 flail.
* * * LOW HITPOINT WARNING * * *
The ogre hits you with a +0 giant club!
* * * LOW HITPOINT WARNING * * *
The orc barely misses you.
You are too injured to fight recklessly!
You are too injured to fight recklessly!
You are too injured to fight recklessly!
You barely miss the ogre.
The ogre is heavily wounded.
You hit the orc.
The orc looks as sick as possible!
You kill the orc!
The ogre hits you with a +0 giant club!
You die...
Your body crumbles into a pile of gold.

## { #. ###.
##### $ ...
......
#.####.###...##.
......$.[.......
#.@O.....#
###.##.#.# #.#
#.. ...# $ ##.#
.# .#


You could see an ogre (very poisoned).

Vanquished Creatures
  Grinder (D:3)
  A black bear (D:4)
  A phantom (D:4)
  A jelly (D:5)
  An orc priest (D:3)
  Jessica (D:2)
  An iguana (D:4)
  Robin (D:3)
  4 gnolls (D:4)
  3 adders
  2 worms
  A dart slug (D:2)
  15 orcs
  8 ball pythons
  6 bats
  7 endoplasms
  A giant cockroach (D:1)
  14 goblins
  10 hobgoblins
  3 jackals (D:4)
  4 quokkas
  A frilled lizard (D:2)
  10 kobolds
  7 rats
104 creatures vanquished.

Notes
Turn   | Place    | Note
-------+----------+-------------------------------------------
     0 | D:1      | Dani the Formicid Ice Elementalist began the quest for the
                  | Orb.
     0 | D:1      | Reached XP level 1. HP: 13/13 MP: 3/3
   189 | D:1      | Reached skill level 1 in Ranged Weapons
   295 | D:1      | Reached XP level 2. HP: 17/19 MP: 0/5
   512 | D:1      | Reached skill level 2 in Ranged Weapons
   669 | D:1      | Identified a scroll of acquirement
   669 | D:1      | Acquired the +2 broad axe of Superiority {venom, *Slow
                  | rPois rC- rN+++}
   690 | D:1      | Reached XP level 3. HP: 22/24 MP: 6/6
   912 | D:2      | Noticed Jessica
   916 | D:2      | Killed Jessica
   917 | D:2      | Reached skill level 1 in Axes
   918 | D:2      | Reached XP level 4. HP: 27/30 MP: 7/7
  1034 | D:2      | Found a radiant altar of Vehumet.
  1108 | D:2      | Reached skill level 3 in Ranged Weapons
  1343 | D:3      | Noticed Robin
  1347 | D:3      | Reached skill level 2 in Axes
  1402 | D:3      | Killed Robin
  1403 | D:3      | Reached XP level 5. HP: 29/35 MP: 8/8
  1523 | D:3      | Found a stormy altar of Qazlal.
  1859 | D:3      | Found a hazy altar of Hepliaklqana.
  1922 | D:3      | Reached skill level 3 in Axes
  2033 | D:3      | Noticed Grinder
  2046 | D:3      | HP: 8/35 [kobold/+2 dagger of freezing (4)]
  2063 | D:3      | HP: 3/35 [Grinder (8)]
  2076 | D:3      | HP: 2/35 [Grinder (5)]
  2077 | D:3      | Killed Grinder
  2078 | D:3      | Reached skill level 4 in Axes
  2078 | D:3      | Reached skill level 4 in Ranged Weapons
  2078 | D:3      | Reached XP level 6. HP: 2/41 MP: 9/9
  2078 | D:3      | Reached XP level 7. HP: 3/46 MP: 10/10
  2495 | D:4      | Reached skill level 5 in Ranged Weapons
  2809 | D:4      | Found a shadowy altar of Dithmenos.
  2946 | D:4      | Reached skill level 5 in Axes
  3170 | D:4      | Found a staircase to the Ecumenical Temple.
  3254 | Temple   | Entered the Ecumenical Temple
  3280 | Temple   | Became a worshipper of Gozag Ym Sagoz the Greedy
  3681 | D:5      | Entered Level 5 of the Dungeon
  3688 | D:5      | HP: 4/46 [ogre/+0 giant club (17)]
  3689 | D:5      | Mangled by an ogre

Illustrated notes

Levels and vault maps discovered:
D:1:      ncdulo_watergridlock, layout_loops_ring
D:2:      layout_rooms, basic_altar, uniq_jessica
D:3:      layout_loops_ring, nicolae_qazlal_general_emergency,
          nicolae_hepliaklqana_hippocampus, uniq_grinder, uniq_robin
D:4:      layout_cave_pods, grunt_dithmenos_smoke_and_mirrors,
          minmay_temple_entry_poolview
D:5:      layout_basic, nicolae_elyvilon_temple_path,
          nemelex_diamond_rough_becter
Temple:   chequers_temple_sunken

Skill      XL: |  1  2  3  4  5  6  7 |
---------------+----------------------+-----
Ranged Weapons | 1 2 3 4 5 |  5.8
Axes           | 1 2 4 5 |  5.2
Dodging        | |  1.7
Stealth        | |  2.4
Spellcasting   | |  2.1
Ice Magic      | |  4.0

Action                     |  1- 3 |  4- 6 |  7- 9 || total
---------------------------+-------+-------+-------++-------
  Melee: Unarmed           |    17 |       |       ||    17
         Broad axe         |     9 |   115 |    68 ||   192
   Cast: Freeze            |    22 |       |       ||    22
Ability: Dig               |     1 |       |       ||     1
    Use: Scroll            |     3 |       |     1 ||     4
   Stab: Distracted        |       |       |     2 ||     2
 Armour: Robe              |    10 |       |       ||    10
         Ring mail         |     1 |    27 |       ||    28
         Scale mail        |       |    25 |    24 ||    49
  Dodge: Dodged            |    23 |    60 |    48 ||   131

Levels and vault maps discovered:
D:1:      ncdulo_watergridlock, layout_loops_ring
D:2:      layout_rooms, basic_altar, uniq_jessica
D:3:      layout_loops_ring, nicolae_qazlal_general_emergency,
          nicolae_hepliaklqana_hippocampus, uniq_grinder, uniq_robin
D:4:      layout_cave_pods, grunt_dithmenos_smoke_and_mirrors,
          minmay_temple_entry_poolview
D:5:      layout_basic, nicolae_elyvilon_temple_path,
          nemelex_diamond_rough_becter
Temple:   chequers_temple_sunken

Table legend: (Time is in decaauts)
 A = Elapsed time spent in this place.
 B = Non-inter-level travel time spent in this place.
 C = Inter-level travel time spent in this place.
 D = Time resting spent in this place.
 E = Time spent auto-exploring this place.
 F = Levels seen in this place.
 G = Mean time per level.
                   A        B        C        D        E       F      G
               +--------+--------+--------+--------+--------+-----+--------+
         Total |   3781 |   3566 |    215 |     20 |   2840 |   6 |  630.2 |
       Dungeon |   3725 |   3533 |    192 |     20 |   2828 |   5 |  745.0 |
        Temple |     55 |     32 |     23 |      0 |     12 |   1 |   55.0 |
               +--------+--------+--------+--------+--------+-----+--------+

Top non-repeatable levels by time:
     D:4: 1237 daAuts
     D:3: 1074 daAuts
     D:1: 915 daAuts
     D:2: 487 daAuts
  Temple: 55 daAuts
     D:5: 9 daAuts

Table legend:
 A = Kills in this place as a percentage of kills in the entire game.
 B = Kills by you in this place as a percentage of kills by you in the entire game.
 C = Kills by friends in this place as a percentage of kills by friends in the entire game.
 D = Other kills in this place as a percentage of other kills in the entire game.
 E = Experience gained in this place as a percentage of experience gained in the entire game.
 F = Experience gained in this place divided by the number of levels of this place that you have seen.
                   A       B       C       D       E      F
               +-------+-------+-------+-------+-------+----------------------
         Total | 100.0 | 100.0 |   N/A |   N/A | 100.0 | 166.2
       Dungeon | 100.0 | 100.0 |   N/A |   N/A | 100.0 | 199.4
               +-------+-------+-------+-------+-------+----------------------
